 Dungeon Crawl Stone Soup version 0.25.0-9-g26727b657a (webtiles) character file.

Game seed: 8100759121001596436

644 HoaS the Ruffian (level 7, -5/60 HPs)
             Began as a Centaur Gladiator on June 16, 2020.
             Was an Initiate of Okawaru.
             Slain by Duvessa
             ... wielding a +5 short sword of distortion
              (16 damage)
             ... on level 4 of the Dungeon.
             The game lasted 00:12:20 (3723 turns).

HoaS the Ruffian (Centaur Gladiator)                Turns: 3723, Time: 00:12:20

Health: -5/60      AC:  9    Str: 19    XL:     7   Next: 26%
Magic:  7/7        EV:  8    Int:  7    God:    Okawaru [......]
Gold:   238        SH:  0    Dex: 10    Spells: 6/6 levels left

rFire    . . .     SeeInvis .     - Unarmed
rCold    . . .     Gourm    .   (no shield)
rNeg     . . .     Faith    .   i - +0 scale mail
rPois    .         Spirit   .   b - +1 helmet
rElec    .         Reflect  .   (no cloak)
rCorr    .         Harm     .   j - +0 pair of gloves (curse)
MR       .....                  (no barding)
Stlth    ..........             k - amulet of regeneration
HPRegen  0.60/turn              (no ring)
MPRegen  0.10/turn              (no ring)

@: very quick
A: large, hooves 3, deformed body, speed 2, tough skin 3
a: Renounce Religion


You were on level 4 of the Dungeon.
You worshipped Okawaru.
Okawaru was noncommittal.
You were hungry.

You visited 2 branches of the dungeon, and saw 5 of its levels.
You also visited: Sewer.

You collected 238 gold pieces.

Inventory:

Missiles
 a - 105 arrows
 c - 3 throwing nets (quivered)
Armour
 b - a +1 helmet (worn)
 i - a +0 scale mail (worn)
 j - a cursed +0 pair of gloves (worn)
Jewellery
 k - an amulet of regeneration (around neck)
 n - an uncursed ring of see invisible {unknown}
Scrolls
 m - a scroll of identify
 q - a scroll of enchant weapon
Potions
 e - a potion of ambrosia {unknown}
 f - 2 potions of haste {unknown}
 h - 3 potions of heal wounds {unknown}
 l - 2 potions of berserk rage
 o - 2 potions of brilliance {unknown}
 p - a potion of might {unknown}
Comestibles
 d - 9 rations


   Skills:
 + Level 4.3 Fighting
 - Level 4.7 Throwing
 - Level 3.6 Dodging
 * Level 5.0 Unarmed Combat
 + Level 0.6 Invocations


You had 6 spell levels left.
You didn't know any spells.
Your spell library contained the following spells:

 Spells                   Type           Power        Failure   Level  Hunger
 Corona                   Hex            #......      83%         1    ##.....
 Ensorcelled Hibernation  Hex/Ice        #.....       92%         2    ###....
 Confusing Touch          Hex            #.......     99%         3    ####...
 Dazzling Flash           Conj/Hex       #.....       99%         3    ####...
 Tukima's Dance           Hex            #.......     99%         3    ####...


Dungeon Overview and Level Annotations

Branches:
Dungeon (4/15)             Temple (1/1) D:4           Sewer (visited)

Altars:
Ashenzari
Cheibriados
Dithmenos
Elyvilon
Fedhas
Gozag
Hepliaklqana
Kikubaaqudgha
Makhleb
Nemelex Xobeh
Okawaru
Qazlal
Ru
Sif Muna
Trog
Uskayaw
Vehumet
Wu Jian
Xom
Yredelemnul
Zin
The Shining One

Annotations:
D:4 Dowan, Duvessa


Innate Abilities, Weirdness & Mutations

You have hooves in place of feet.
Armour fits poorly on your strangely shaped body.
You cover ground very quickly.
You have extremely tough skin. (AC +3)


Message History

Duvessa is lightly wounded.
Duvessa hits you with a +5 short sword of distortion.
Space warps horribly around you!
You hit Duvessa but do no damage. Your kick misses Duvessa.
Duvessa is lightly wounded.
Duvessa hits you with a +5 short sword of distortion.
You barely miss Duvessa. You kick Duvessa.
Duvessa is lightly wounded.
Duvessa hits you with a +5 short sword of distortion!
Space warps horribly around you!
You barely miss Duvessa. Your kick misses Duvessa.
Duvessa is lightly wounded.
Duvessa hits you with a +5 short sword of distortion!
Duvessa closely misses you.
You closely miss Duvessa. Your kick misses Duvessa.
Duvessa is lightly wounded.
Duvessa hits you with a +5 short sword of distortion!
* * * LOW HITPOINT WARNING * * *
Space warps horribly around you!
You die...

#### #...
###############>##
#...............#
#<#############.#
#.# #.## #@# #...
#e# #.## #e# #.#
#.##### #.# #.#...
#.# #.#.# #.#
#.#..# ... ..#.#.#
### ###.e ##


You could see Duvessa (berserk) and Dowan.

Vanquished Creatures
  4 big kobolds (Sewer)
  An orc wizard (D:3)
  2 hounds (D:4)
  An orc priest (D:3)
  A worker ant (D:4)
  4 adders
  5 river rats
  4 oozes
  8 worms
  5 dart slugs
  2 leopard geckos (D:3)
  3 orcs (D:3)
  8 ball pythons (Sewer)
  9 bats
  4 giant cockroaches
  5 goblins (D:1)
  5 hobgoblins
  13 jackals
  13 kobolds
  A quokka (D:3)
  6 frilled lizards
  11 rats
115 creatures vanquished.

Notes
Turn   | Place    | Note
-------+----------+-------------------------------------------
     0 | D:1      | HoaS the Centaur Gladiator began the quest for the Orb.
     0 | D:1      | Reached XP level 1. HP: 17/17 MP: 1/1
   153 | D:1      | Reached XP level 2. HP: 22/24 MP: 2/2
   599 | D:1      | Reached XP level 3. HP: 30/30 MP: 3/3
   920 | D:2      | Found a blossoming altar of Fedhas.
  1029 | D:2      | Found a stormy altar of Qazlal.
  1029 | D:2      | Found a faded altar of an unknown god.
  1034 | D:2      | Found a sparkling altar of Nemelex Xobeh.
  1036 | D:2      | Found a radiant altar of Vehumet.
  1038 | D:2      | Found a white marble altar of Elyvilon.
  1730 | D:3      | Reached XP level 4. HP: 37/37 MP: 4/4
  1939 | D:3      | Reached XP level 5. HP: 40/45 MP: 5/5
  2083 | D:3      | Reached skill level 4 in Unarmed Combat
  2106 | D:3      | Found a glowing drain.
  2114 | Sewer    | Entered a sewer
  2197 | Sewer    | Reached XP level 6. HP: 51/51 MP: 6/6
  2618 | Sewer    | Reached XP level 7. HP: 56/59 MP: 7/7
  3375 | D:4      | Found a shimmering altar of Xom.
  3434 | D:4      | Found a staircase to the Ecumenical Temple.
  3445 | Temple   | Entered the Ecumenical Temple
  3534 | Temple   | Became a worshipper of Warmaster Okawaru
  3648 | D:4      | Reached skill level 5 in Unarmed Combat
  3703 | D:4      | Noticed Duvessa
  3703 | D:4      | Noticed Dowan
  3723 | D:4      | Slain by Duvessa

Illustrated notes

Levels and vault maps discovered:
D:1:      lemuel_arrival_broad_hall, layout_rooms, minivault_5,
          minmay_indecisive_spiral
D:2:      layout_basic, chequers_temple_overflow_minitemple, fedhas_altar_2,
          grunt_decor_one_mirror
D:3:      layout_basic, lightli_sewer_entry_pipes
D:4:      layout_loops_ring, nicolae_overflow_hidden_temple, temple_fountains,
          uniq_duvessa
Temple:   lightli_temple_of_artemis

Skill      XL: |  1  2  3  4  5  6  7 |
---------------+----------------------+-----
Throwing       | 3 4 |  4.7
Fighting       | 3 4 |  4.3
Dodging        | 3 |  3.6
Unarmed Combat | 4 5 |  5.0
Invocations    | |  0.6

Action                   |  1- 3 |  4- 6 |  7- 9 || total
-------------------------+-------+-------+-------++-------
Melee: Unarmed           |   146 |   186 |    87 ||   419
       Kick              |    26 |    47 |    22 ||    95
       Punch             |     5 |     3 |       ||     8
  Use: Scroll            |     4 |     2 |     3 ||     9
  Eat: Chunk             |     1 |     4 |     2 ||     7
Armor: Leather armour    |    14 |       |       ||    14
       Ring mail         |    38 |       |       ||    38
       Scale mail        |    24 |    65 |    22 ||   111
Dodge: Dodged            |    71 |    52 |    28 ||   151
